 Dungeon Crawl Stone Soup version 0.31-a0-210-gccc998df9b (webtiles) character file.

Game seed: 17545952620061490288

31114 Anon1729 the Protected (level 13, -6/103 HPs)
             Began as a Demonspawn Gladiator on June 29, 2023.
             Was a Follower of Uskayaw.
             Killed by divine providence
             ... invoked by an orc priest
              (13 damage)
             ... on level 2 of the Orcish Mines.
             The game lasted 00:15:05 (13999 turns).

Anon1729 the Protected (Demonspawn Gladiator)      Turns: 13999, Time: 00:15:06

Health: -6/103     AC: 35    Str: 11 (13) XL:     13   Next: 24%
Magic:  0/21       EV:  2    Int:  8 (10) God:    Uskayaw [*.....]
Gold:   517        SH:  5    Dex: 22 (23) Spells: 12/12 levels left

rFire   . . .        E - +0 rapier (speed)
rCold   . . .        (no shield)
rNeg    . . .        w - +0 crystal plate armour
rPois   .            c - +0 helmet
rElec   .            O - +1 cloak of Discretion {Fly Regen+}
rCorr   .            (no gloves)
SInv    .            D - +1 pair of boots
Will    .....        y - amulet of reflection Stlth
                     I - +4 ring of protection
HPRegen 1.17/turn    J - +4 ring of slaying
MPRegen 0.34/turn

%: reflection, guardian spirit
@: mighty, flying, slowed, very slow
A: slimy green scales 2, powered by pain 2, magic shield, magic regeneration,
demonic touch 1, agile 1
a: Renounce Religion, Stomp


You were on level 2 of the Orcish Mines.
You worshipped Uskayaw.
Uskayaw was aware of your devotion.
You visited 4 branches of the dungeon, and saw 15 of its levels.

You collected 871 gold pieces.
You spent 354 gold pieces at shops.

Inventory:

Hand Weapons
 f - a +1 dagger of venom
 E - a +0 rapier of speed (weapon)
Missiles
 d - 6 throwing nets (quivered)
 g - 6 curare-tipped darts
Armour
 c - a +0 helmet (worn)
 w - a +0 crystal plate armour (worn)
 D - a +1 pair of boots (worn)
 O - the +1 cloak of Discretion (worn) {Fly Regen+}
   (You bought it in a shop on level 8 of the Dungeon)

   Fly:       It grants you flight.
   Regen:     It increases your rate of health regeneration.
Jewellery
 r - a +4 ring of protection
 s - an amulet of faith
 y - an amulet of reflection (around neck)
 F - a ring of flight
 I - a +4 ring of protection (left hand)
 J - a +4 ring of slaying (right hand)
 M - a ring of protection from cold
 R - a ring of magical power
Wands
 K - a wand of paralysis (5)
 P - a wand of flame (3)
Scrolls
 a - a scroll of fog {unknown}
 b - a scroll of identify
 h - 3 scrolls of teleportation
 m - 5 scrolls of revelation
 o - 2 scrolls of poison
 q - a scroll of immolation
 t - a scroll of amnesia {unknown}
 u - 2 scrolls of noise {unknown}
 v - 3 scrolls of blinking
 x - a scroll of enchant armour {unknown}
 C - 3 scrolls of fear
 H - a scroll of vulnerability
Potions
 e - a potion of resistance {unknown}
 i - a potion of mutation {unknown}
 j - 4 potions of degeneration
 k - 3 potions of might
 l - 2 potions of heal wounds {unknown}
 n - 4 potions of curing
 p - a potion of cancellation {unknown}
 z - 4 potions of lignification {unknown}
 A - a potion of magic {unknown}
 B - a potion of brilliance {unknown}
 G - a potion of attraction {unknown}
 L - a potion of enlightenment {unknown}
 N - a potion of ambrosia {unknown}
 Q - a potion of experience {unknown}


   Skills:
 + Level 9.9 Fighting
 + Level 9.3 Short Blades
 - Level 1.7 Throwing
 * Level 12.2 Armour
 + Level 9.0 Dodging
 + Level 11.9 Invocations


You had 12 spell levels left.
You didn't know any spells.
Your spell library contained the following spells:

 Spells                   Type           Power      Damage    Failure   Level
 Beastly Appendage        Tmut           0%         N/A       100%        1
 Freeze                   Ice            0%         1d3       100%        1
 Kiss of Death            Conj/Necr      0%         2d5       100%        1
 Ensorcelled Hibernation  Hex/Ice        0%         N/A       100%        2
 Passwall                 Tmut/Erth      0%         N/A       100%        2
 Static Discharge         Conj/Air       0%         2-2/arc   100%        2
 Wereblood                Tmut           0%         N/A       100%        2
 Confusing Touch          Hex            0%         N/A       100%        3
 Frozen Ramparts          Ice            0%         1d1       100%        3
 Hailstorm                Conj/Ice       0%         3d3       100%        3
 Spider Form              Tmut/Pois      0%         N/A       100%        3
 Stone Arrow              Conj/Erth      0%         3d7       100%        3
 Swiftness                Air            0%         N/A       100%        3
 Airstrike                Air            0%         2d(0-16)  100%        4
 Animate Armour           Summ/Erth      0%         N/A       100%        4
 Dispel Undead            Necr           0%         3d6       100%        4
 Summon Lightning Spire   Summ/Air       0%         N/A       100%        4
 Lehudib's Crystal Spear  Conj/Erth      0%         10d2      100%        8
 Chain Lightning          Conj/Air       0%         N/A       100%        9
 Fire Storm               Conj/Fire      0%         5d1       100%        9
 Shatter                  Erth           0%         3d5*      100%        9


Dungeon Overview and Level Annotations

Branches:
Dungeon (10/15)            Temple (1/1) D:4            Lair (2/5) D:8
    Orc (2/2) D:10
  Swamp: Lair:2-3    Shoals: Lair:2-3     Snake: Lair:2-3    Spider: Lair:2-3
    Elf: Orc:2

Altars:
Cheibriados
Dithmenos
Fedhas
Gozag
Hepliaklqana
Nemelex Xobeh
Okawaru
Qazlal
Ru
Uskayaw
Vehumet
Wu Jian
Xom
Yredelemnul

Shops:
D:3 ?   D:7 [   D:8 *   Orc:2 !([[

Annotations:
Orc:2 Sonja


Innate Abilities, Weirdness & Mutations

You are mostly covered in slimy green scales. (AC +3)
You sometimes gain power by taking damage.
When hurt, damage is shared between your health and your magic reserves.
You regenerate magic rapidly.
Your touch may inflict minor irresistible damage on your foes.
You are agile. (Dex +4, Str/Int -1)


Message History

Sonja says, "Someone hired me to kill you, but I'm not supposed to say who."
Sonja casts a spell.
Sonja blinks!
The orc priest hits you but does no damage.
The two-headed ogre hits you but does no damage.
The two-headed ogre hits you with a +0 giant club!
Okay, then.
Blink to where?
Press: ? - help, Dir - move target
As you read the scroll of blinking, it crumbles to dust.
You feel very sick.
The orc warrior shouts!
You hear a shout!
The orc priest looks encouraged for a moment.
You feel sick.
The orc warrior throws a boomerang.
The boomerang hits you but does no damage.
You feel sick.
The orc warrior throws a boomerang.
The boomerang hits you but does no damage.
You feel sick.
An orc comes into view. It is wielding a +0 war axe.
You feel sick.
Sonja shouts, "Hah!
Missed me again!"
Sonja gestures wildly while chanting.
Sonja blinks!
The orc priest invokes the aid of Beogh against you.
Beogh smites you!
* * * LOW HITPOINT WARNING * * *
You focus on the pain.
You feel mightier all of a sudden.
The two-headed ogre attacks as you move away!
The two-headed ogre hits you with a +0 giant spiked club!
* * * LOW HITPOINT WARNING * * *
You focus on the pain.
You feel mightier all of a sudden.
The two-headed ogre hits you with a +0 giant club.
* * * LOW HITPOINT WARNING * * *
You feel sick.
You are no longer poisoned.
The orc priest invokes the aid of Beogh against you.
Beogh smites you!
You die...

..... .##...##..##o....#
......##.##.#......)....#
......#................##
...#..........#....##.##
.................### ##
.................#
.....#.o...........######
............o.......#)..##
.............O.@...)))<..#
..........o.........))..##
.................#)#####
.......o.......##).####
######.O########...))[.#.##
#.........)..####..)))....#.##
.......o)......##...)).......#
..........K.....#...........##
......∩∩.).)..)..............#


You could see a two-headed ogre, an orc warrior and 2 orc priests.

Vanquished Creatures
  Donald (Orc:2)
  An orc warlord (Orc:1)
  Harold (Lair:1)
  An ogre mage (Orc:2)
  7 two-headed ogres
  An orc high priest (Orc:1)
  A death yak (Lair:1)
  Amaemon (Lair:1)
  Pikel (D:4)
  4 orc knights
  2 orc sorcerers
  An elephant (D:8)
  A black mamba (Lair:1)
  An orange demon (Lair:1)
  5 cane toads (Lair:1)
  An unseen horror (D:9)
  A troll (Orc:2)
  A hornet (D:8)
  Grinder (D:6)
  A polar bear (Lair:1)
  4 shadows (D:10)
  6 wraiths (D:10)
  3 wyverns (D:8)
  5 vampires
  14 yaks
  Eustachio (D:6)
  5 basilisks
  A steam dragon (D:8)
  3 vampire mosquitoes (D:10)
  An acid dragon (D:10)
  2 wargs
  3 water moccasins
  16 orc warriors
  2 sky beasts
  3 ice beasts (D:7)
  17 ogres
  3 black bears
  2 centaurs
  2 phantoms
  2 lemures (D:4)
  Blork the orc (D:5)
  A kobold brigand (D:8)
  8 bullfrogs
  2 gnoll sergeants
  5 scorpions
  16 killer bees
  An electric eel (D:10)
  11 howler monkeys
  9 centaur zombies (D:10)
  A jelly (D:7)
  6 hounds
  5 orc priests
  Crazy Yiuf (D:2)
  A gnoll bouda (D:7)
  6 iguanas
  10 orc wizards
  2 howler monkey zombies (D:10)
  12 gnolls
  8 adders
  A shadow imp (D:3)
  A white imp (D:7)
  4 ufetubi
  2 worms (D:4)
  3 dart slugs
  67 orcs
  5 endoplasms
  4 giant cockroaches
  9 hobgoblins
  4 jackals (D:4)
  8 kobolds
  2 quokkas (D:4)
  8 ball pythons
  3 bats
  A frilled lizard (D:3)
  5 goblins
  2 rats (D:2)
364 creatures vanquished.

Vanquished Creatures (others)
  An orc wizard (D:10)
  2 orcs
3 creatures vanquished.

Grand Total: 367 creatures vanquished

Notes
Turn   | Place    | Note
-------+----------+-------------------------------------------
     0 | D:1      | Anon1729 the Demonspawn Gladiator began the quest for the
                  | Orb.
     0 | D:1      | Reached XP level 1. HP: 16/16 MP: 1/1
   288 | D:1      | Gained mutation: You are partially covered in slimy green
                  | scales. (AC +2) [demonic ancestry]
   288 | D:1      | Reached XP level 2. HP: 22/22 MP: 2/2
   435 | D:1      | Reached skill level 1 in Invocations
   934 | D:2      | Reached XP level 3. HP: 28/28 MP: 3/3
  1015 | D:2      | Reached skill level 1 in Armour
  1224 | D:2      | Found a runed translucent door.
  1225 | D:2      | Noticed Crazy Yiuf
  1343 | D:2      | Killed Crazy Yiuf
  1344 | D:2      | Gained mutation: You are mostly covered in slimy green
                  | scales. (AC +3) [demonic ancestry]
  1344 | D:2      | Reached XP level 4. HP: 7/34 MP: 5/5
  1908 | D:3      | Found Yrphuk's Magic Scroll Boutique.
  1913 | D:3      | Bought a scroll of blinking for 75 gold pieces
  2089 | D:3      | Found an ornate altar of the Wu Jian Council.
  2117 | D:3      | Found a basalt altar of Yredelemnul.
  2726 | D:4      | Noticed a scorpion
  2731 | D:4      | Killed a scorpion
  2732 | D:4      | Reached skill level 2 in Armour
  2732 | D:4      | Gained mutation: You regenerate magic rapidly. [demonic
                  | ancestry]
  2732 | D:4      | Reached XP level 5. HP: 24/41 MP: 6/6
  2845 | D:4      | Found a staircase to the Ecumenical Temple.
  2914 | Temple   | Entered the Ecumenical Temple
  2923 | Temple   | Became a worshipper of Uskayaw the Reveller
  2967 | D:4      | Noticed a lemure
  2968 | D:4      | Noticed a lemure
  2970 | D:4      | Noticed Pikel
  2973 | D:4      | Noticed a lemure
  2973 | D:4      | Noticed a lemure
  2974 | D:4      | Reached * piety under Uskayaw
  2978 | D:4      | Reached ** piety under Uskayaw
  3015 | D:4      | Killed a lemure
  3015 | D:4      | Reached *** piety under Uskayaw
  3036 | D:4      | Reached XP level 6. HP: 28/47 MP: 8/8
  3152 | D:4      | Killed Pikel
  3153 | D:4      | Reached skill level 3 in Armour
  3153 | D:4      | Gained mutation: When hurt, damage is shared between your
                  | health and your magic reserves. [demonic ancestry]
  3153 | D:4      | Reached XP level 7. HP: 9/54 MP: 5/10
  3856 | D:5      | Entered Level 5 of the Dungeon
  3981 | D:5      | Reached skill level 4 in Armour
  3983 | D:5      | Reached **** piety under Uskayaw
  4401 | D:5      | Reached XP level 8. HP: 55/61 MP: 9/11
  4582 | D:5      | Noticed Blork the orc
  4593 | D:5      | Killed Blork the orc
  4803 | D:5      | Reached skill level 5 in Invocations
  5132 | D:6      | Reached skill level 5 in Armour
  5163 | D:6      | Noticed Grinder
  5171 | D:6      | Paralysed by Grinder for 4 turns
  5196 | D:6      | Paralysed by Grinder for 3 turns
  5208 | D:6      | Killed Grinder
  5345 | D:6      | Noticed Eustachio
  5360 | D:6      | Killed Eustachio
  5361 | D:6      | Reached skill level 5 in Fighting
  5361 | D:6      | Reached skill level 5 in Short Blades
  5361 | D:6      | Reached skill level 5 in Dodging
  5710 | D:6      | Reached XP level 9. HP: 57/68 MP: 11/13
  5858 | D:6      | Reached skill level 6 in Armour
  6460 | D:7      | Found Omem's Armour Boutique.
  6796 | D:7      | Reached skill level 7 in Armour
  6802 | D:7      | Reached ***** piety under Uskayaw
  7239 | D:7      | Found a stormy altar of Qazlal.
  7244 | D:7      | Found a sparkling altar of Nemelex Xobeh.
  7245 | D:7      | Found a blossoming altar of Fedhas.
  7245 | D:7      | Found a shadowy altar of Dithmenos.
  7246 | D:7      | Found an opulent altar of Gozag.
  7249 | D:7      | Found a shimmering altar of Xom.
  7763 | D:8      | Gained mutation: Your touch may inflict minor irresistible
                  | damage on your foes. [demonic ancestry]
  7763 | D:8      | Reached XP level 10. HP: 46/76 MP: 9/15
  7773 | D:8      | Noticed a two-headed ogre
  8205 | D:8      | Noticed an elephant
  8405 | D:8      | Found a staircase to the Lair.
  8468 | D:8      | Found Izanydde's General Store.
  8530 | D:8      | Killed an elephant
  8600 | D:7      | Reached skill level 8 in Armour
  8827 | D:8      | Killed a two-headed ogre
  9467 | D:9      | Found a radiant altar of Vehumet.
  9606 | D:9      | Found an iron altar of Okawaru.
 10297 | D:10     | Entered Level 10 of the Dungeon
 10382 | D:10     | Noticed an orc knight
 10436 | Lair:1   | Entered Level 1 of the Lair of Beasts
 10457 | Lair:1   | Noticed a cane toad
 10459 | Lair:1   | Noticed a black mamba
 10467 | Lair:1   | Killed a cane toad
 10468 | Lair:1   | Reached XP level 11. HP: 59/84 MP: 13/17
 10470 | Lair:1   | Reached skill level 9 in Armour
 10642 | Lair:1   | Reached ****** piety under Uskayaw
 10768 | Lair:1   | Noticed Amaemon
 10785 | Lair:1   | Killed Amaemon
 11416 | Lair:1   | Noticed Harold
 11436 | Lair:1   | Killed Harold
 11437 | Lair:1   | Reached skill level 10 in Armour
 11497 | Lair:1   | You fall into a shaft and drop 1 floor!
 11497 | Lair:2   | Noticed a death yak
 11497 | Lair:2   | Noticed a death yak
 11497 | Lair:2   | Noticed a death yak
 11497 | Lair:2   | Noticed a death yak
 11497 | Lair:2   | Noticed a death yak
 11497 | Lair:2   | Noticed a death yak
 11520 | Lair:1   | Killed a death yak
 11521 | Lair:1   | Reached skill level 10 in Invocations
 11837 | Lair:1   | Noticed a boulder beetle
 11839 | Lair:1   | Noticed a boulder beetle
 11842 | Lair:1   | Noticed a six-headed hydra
 11862 | Lair:1   | HP: 1/86 [boulder beetle (21)]
 12148 | D:8      | Bought the +1 cloak of Discretion {Fly Regen+} for 279 gold
                  | pieces
 12294 | D:10     | Killed an orc knight
 12393 | D:10     | Gained mutation: You sometimes gain a little power by
                  | taking damage. [demonic ancestry]
 12393 | D:10     | Reached XP level 12. HP: 94/94 MP: 19/19
 12951 | D:10     | Reached skill level 11 in Armour
 12995 | D:10     | Identified the +8 dagger of Xawod {drain, rF+ rC+ Int+2
                  | Dex+3}
 13031 | D:10     | Found a staircase to the Orcish Mines.
 13110 | Orc:1    | Entered Level 1 of the Orcish Mines
 13240 | Orc:1    | Noticed an orc warlord
 13328 | Orc:1    | Killed an orc warlord
 13620 | Orc:2    | Entered Level 2 of the Orcish Mines
 13620 | Orc:2    | Noticed Donald
 13620 | Orc:2    | Noticed an orc high priest
 13626 | Orc:1    | Gained mutation: You are agile. (Dex +4, Str/Int -1) [a
                  | neqoxec]
 13630 | Orc:1    | Killed an orc high priest
 13689 | Orc:2    | Noticed a two-headed ogre
 13704 | Orc:2    | Killed a two-headed ogre
 13725 | Orc:2    | Noticed a two-headed ogre
 13726 | Orc:2    | Noticed a two-headed ogre
 13733 | Orc:2    | Killed a two-headed ogre
 13733 | Orc:2    | Killed a two-headed ogre
 13736 | Orc:2    | Noticed an ogre mage
 13738 | Orc:2    | Noticed a two-headed ogre
 13740 | Orc:2    | Noticed a two-headed ogre
 13744 | Orc:2    | Killed an ogre mage
 13748 | Orc:2    | Gained mutation: You sometimes gain power by taking damage.
                  | [demonic ancestry]
 13748 | Orc:2    | Reached XP level 13. HP: 85/101 MP: 17/21
 13942 | Orc:2    | Reached skill level 12 in Armour
 13967 | Orc:2    | Found Faqopn's Antique Armour Shop.
 13967 | Orc:2    | Found Tuipsuum's Armour Shoppe.
 13968 | Orc:2    | Found Terynoetz's Distillery.
 13968 | Orc:2    | Found Piro's Antique Weapon Shop.
 13981 | Orc:2    | Noticed Sonja
 13992 | Orc:2    | Killed Donald
 13999 | Orc:2    | Killed from afar by an orc priest

Illustrated notes

Levels and vault maps discovered:
D:1:      dpeg_arrival_houses_and_road, layout_rooms, minmay_small_reverse_x
D:2:      layout_loops_ring, uniq_crazy_yiuf_cottage
D:3:      layout_loops_corners, mainiacjoe_overflow_two_lobes, serial_shops,
          nicolae_shop_tiny_real_fake_doors, amcnicky_mini_rare_corridor_liquid,
          minmay_misc_feat_rows
D:4:      layout_loops_ring, minmay_temple_entry_antechambers, uniq_pikel
D:5:      layout_loops_ring, uniq_blork_the_orc
D:6:      layout_loops_corners, lightli_ossuary_entry_decrepit_ruins,
          chequers_hall_statues_corner_a, serial_park_tiny_pond,
          minmay_fractal_squares_diagonal_5, uniq_grinder, uniq_eustachio
D:7:      layout_basic, minitemple, nicolae_stop_n_shop_2
D:8:      layout_rooms, david_lair_generic, serial_shops,
          nicolae_shop_pleasant_corner_grove, serial_bayou_lagoon_a
D:9:      layout_basic, nicolae_overflow_crystal_walls,
          nicolae_vehumet_radiance, nrook_uturn
D:10:     layout_irregular_city, david_orc_5, serial_undead, serial_undead_b,
          serial_undead_c, serial_undead_d, serial_undead_f, serial_undead_a,
          serial_undead_b, serial_undead_c, serial_undead_a,
          minmay_misc_feat_hallway, kennysheep_generic_room_8
Temple:   nicolae_temple_bog_church
Lair:1:   layout_long_grid, hellmonk_guarded_unrand_seven_league_boots,
          lemuel_fruit_fields, grunt_megastairs_5, uniq_amaemon, uniq_harold
Lair:2:   layout_regular_city, minmay_snake_entry_guardpost_small,
          gauntlet_entry_generic, eino_house_with_fridge, grunt_megastairs_1
Orc:1:    layout_caves
Orc:2:    st_orc_ogre_mass, layout_caves, gammafunk_ghost_fury_of_okawaru,
          uniq_donald, uniq_sonja

Skill      XL: |  1  2  3  4  5  6  7  8  9 10 11 12 13 |
---------------+----------------------------------------+-----
Invocations    | 1 2 3 4 6 7 8 10 11 | 11.9
Dodging        | 3 4 5 6 7 8 9 |  9.0
Short Blades   | 3 4 5 6 7 8 9 |  9.3
Armour         | 1 2 3 4 5 7 8 10 11 12 | 12.2
Fighting       | 3 4 5 6 7 8 9 |  9.9
Throwing       | |  1.7

Action                     |  1- 3 |  4- 6 |  7- 9 | 10-12 | 13-15 || total
---------------------------+-------+-------+-------+-------+-------++-------
  Melee: Rapier            |    37 |       |       |   597 |    81 ||   715
         Dagger            |    67 |   160 |   565 |   177 |       ||   969
         Punch             |     1 |     3 |    10 |    11 |     1 ||    26
         Touch             |       |       |       |   197 |    15 ||   212
  Throw: Dart              |       |       |     2 |       |       ||     2
         Throwing net      |       |       |     3 |       |       ||     3
 Invoke: Line Pass         |       |     1 |     1 |     5 |       ||     7
         Stomp             |       |       |     2 |     1 |       ||     3
         Grand Finale      |       |       |       |     1 |     1 ||     2
  Evoke: Wand              |       |       |       |     1 |       ||     1
    Use: Scroll            |       |     4 |     2 |     7 |     1 ||    14
         Potion            |       |     2 |       |     2 |     1 ||     5
   Stab: Sleeping          |     1 |       |       |       |       ||     1
         Paralysed         |       |       |     8 |    60 |     7 ||    75
         Held in net/web   |       |       |     2 |       |       ||     2
         Confused          |       |       |     1 |     1 |       ||     2
 Armour: Leather armour    |    29 |    15 |       |       |       ||    44
         Crystal plate arm |       |    94 |   389 |   602 |    31 ||  1116
  Dodge: Dodged            |    61 |    34 |    28 |    82 |    10 ||   215
  Block: Other             |       |       |    88 |   148 |    12 ||   248
         Reflection        |       |       |     3 |     1 |       ||     4

Table legend: (Time is in decaauts)
 A = Elapsed time spent in this place.
 B = Non-inter-level travel time spent in this place.
 C = Inter-level travel time spent in this place.
 D = Time resting spent in this place.
 E = Time spent auto-exploring this place.
 F = Levels seen in this place.
 G = Mean time per level.
                   A        B        C        D        E       F      G
               +--------+--------+--------+--------+--------+-----+--------+
         Total |  13484 |  12899 |    585 |   2018 |   8512 |  15 |  898.9 |
       Dungeon |  11064 |  10554 |    510 |   1352 |   7329 |  10 | 1106.4 |
        Temple |     14 |      9 |      5 |      0 |      4 |   1 |   14.0 |
          Lair |   1613 |   1573 |     40 |    527 |    839 |   2 |  806.5 |
  Orcish Mines |    790 |    762 |     28 |    139 |    340 |   2 |  395.0 |
               +--------+--------+--------+--------+--------+-----+--------+

Top non-repeatable levels by time:
  Lair:1: 1603 daAuts
     D:7: 1556 daAuts
     D:9: 1331 daAuts
     D:6: 1320 daAuts
     D:5: 1213 daAuts
     D:3: 1202 daAuts
     D:4: 1141 daAuts
     D:8: 1098 daAuts
     D:2: 861 daAuts
    D:10: 745 daAuts
   Orc:1: 631 daAuts
     D:1: 594 daAuts
   Orc:2: 159 daAuts
  Temple: 14 daAuts
  Lair:2: 10 daAuts
